 Dungeon Crawl Stone Soup version 0.25-a0-447-gff83419037 (webtiles) character file.

Game seed: 15622270473226773424, levelgen mode: deterministic

343 Froggeryz the Cudgeler (level 6, 0/51 HPs)
             Began as a Minotaur Fire Elementalist on Jan 31, 2020.
             Succumbed to a scorpion's poison
             ... on level 4 of the Dungeon.
             The game lasted 00:05:11 (3612 turns).

Froggeryz the Cudgeler (Minotaur Fire Elementalist) Turns: 3612, Time: 00:05:12

Health: 0/51       AC:  5    Str: 14    XL:     6   Next: 31%
Magic:  7/7        EV: 11    Int: 12    God:
Gold:   125        SH:  0    Dex: 11    Spells: 6/7 levels left

rFire    . . .     SeeInvis .   d - +0 mace
rCold    . . .     Gourm    .   (no shield)
rNeg     . . .     Faith    .   l - +0 ring mail
rPois    .         Spirit   .   (helmet restricted)
rElec    .         Reflect  .   (no cloak)
rCorr    .         Harm     .   (no gloves)
MR       +....                  (no boots)
Stlth    +.........             (no amulet)
HPRegen  0.17/turn              r - ring of protection from magic
MPRegen  0.10/turn              (no ring)

@: lethally poisoned (0 -> -1), flying, very slightly contaminated
A: retaliatory headbutt, horns 2
a: no special abilities


You were on level 4 of the Dungeon.
You were not hungry.

You visited 1 branch of the dungeon, and saw 4 of its levels.

You collected 125 gold pieces.

Inventory:

Hand Weapons
 d - a +0 mace (weapon)
 g - a +1 vorpal halberd
Armour
 l - a +0 ring mail (worn)
 n - a +0 chain mail
Jewellery
 r - a ring of protection from magic (left hand)
Wands
 q - a wand of flame (21)
Scrolls
 a - a scroll of magic mapping {unknown}
 b - a scroll of enchant armour {unknown}
 e - 2 scrolls of fear {unknown}
 f - 4 scrolls of identify
 i - 4 scrolls of teleportation
 k - 2 scrolls of blinking
 m - a scroll of remove curse {unknown}
Comestibles
 c - 3 rations


   Skills:
 - Level 3.0 Fighting
 * Level 6.8 Maces & Flails
 - Level 2.1 Dodging
 - Level 1.5 Stealth
 - Level 1.3 Spellcasting
 - Level 0.6 Conjurations
 - Level 2.1 Fire Magic


You had 6 spell levels left.
You knew the following spells:

 Your Spells              Type           Power        Failure   Level  Hunger
a - Foxfire               Conj/Fire      #...         34%         1    ##.....

Your spell library contained the following spells:

 Spells                   Type           Power        Failure   Level  Hunger
 Conjure Flame            Conj/Fire      #.......     71%         3    ####...
 Inner Flame              Hex/Fire       #.......     75%         3    ####...
 Sticky Flame             Conj/Fire      #.......     98%         4    #####..
 Fireball                 Conj/Fire      #.........   100%        5    ######.


Dungeon Overview and Level Annotations

Branches:
Dungeon (4/15)             Temple (0/1) D:4

Altars:
Cheibriados
Dithmenos
Gozag


Innate Abilities, Weirdness & Mutations

You reflexively headbutt those who attack you in melee.
You have a pair of horns on your head.


Message History

You are too injured to fight recklessly!
* * * LOW HITPOINT WARNING * * *
You feel sick.
Your surroundings suddenly seem different.
* * * LOW HITPOINT WARNING * * *
You feel sick.
A leopard gecko comes into view.
The leopard gecko hisses angrily.
The phantom blinks!
Found a snail-covered altar of Cheibriados.
A phantom comes into view.
* * * LOW HITPOINT WARNING * * *
You feel sick.
The leopard gecko bites you but does no damage.
Blink to where?
Press: ? - help, Dir - move target cursor You are very lightly contaminated with residual magic.
As you read the scroll of blinking, it crumbles to dust.
The leopard gecko hisses menacingly.
You die...

.....###..
..#...........
#......
..............##.....
#.#.................#
.......... .........+
.......... ........#
########## #......#
#......# #..@...#
######+###......#
................#
..........#######
..........#
.......l..#
.W........#
..........#
..........#


You could see a leopard gecko.

Vanquished Creatures
  A scorpion (D:4)
  A bullfrog zombie (D:2)
  A bullfrog skeleton (D:2)
  Jessica (D:3)
  An orc wizard (D:3)
  3 gnolls
  7 adders
  An ooze (D:1)
  An adder skeleton (D:4)
  A worm (D:2)
  A dart slug (D:1)
  4 leopard geckos
  5 orcs (D:3)
  3 ball pythons
  12 bats
  3 giant cockroaches
  9 goblins
  4 hobgoblins
  4 jackals (D:1)
  A quokka (D:3)
  5 frilled lizards
  8 kobolds
  5 rats
82 creatures vanquished.

Notes
Turn   | Place    | Note
-------+----------+-------------------------------------------
     0 | D:1      | Froggeryz the Minotaur Fire Elementalist began the quest
                  | for the Orb.
     0 | D:1      | Reached XP level 1. HP: 14/14 MP: 1/1
    92 | D:1      | Reached skill level 1 in Fighting
   369 | D:1      | Reached XP level 2. HP: 20/24 MP: 3/3
   874 | D:1      | Reached skill level 1 in Maces & Flails
   874 | D:1      | Reached XP level 3. HP: 30/31 MP: 4/4
  1200 | D:2      | Found a faded altar of an unknown god.
  1235 | D:2      | Reached skill level 2 in Maces & Flails
  1289 | D:2      | Found a shadowy altar of Dithmenos.
  1397 | D:2      | Reached skill level 3 in Maces & Flails
  1397 | D:2      | Reached XP level 4. HP: 23/38 MP: 5/5
  1684 | D:2      | Found an opulent altar of Gozag.
  1713 | D:2      | Reached skill level 4 in Maces & Flails
  1802 | D:2      | Reached XP level 5. HP: 43/45 MP: 6/6
  2408 | D:1      | Reached skill level 5 in Maces & Flails
  3150 | D:3      | Noticed Jessica
  3153 | D:3      | Killed Jessica
  3153 | D:3      | Reached skill level 6 in Maces & Flails
  3280 | D:3      | Reached XP level 6. HP: 49/51 MP: 7/7
  3593 | D:4      | Found a staircase to the Ecumenical Temple.
  3600 | D:4      | HP: 2/51 [poisoned by a scorpion]
  3605 | D:4      | Found a snail-covered altar of Cheibriados.
  3605 | D:4      | HP: 1/51 [poisoned by a scorpion]
  3612 | D:4      | Succumbed to a scorpion's poison

Levels and vault maps discovered:
D:1:      nzn_arrival_settlement, layout_basic
D:2:      layout_loops_ring, grunt_gozag_statues, old_standard_altar,
          chequers_ecumenical_altar_simple, minmay_box_of_dots
D:3:      layout_loops_corners, uniq_jessica
D:4:      layout_basic, cheibriados_altar_1, minmay_temple_entry_glass,
          first_ration

Skill      XL: |  1  2  3  4  5 |
---------------+----------------+-----
Fighting       | 2 3 |  3.0
Maces & Flails | 1 3 4 6 |  6.8
Dodging        | |  2.1
Stealth        | |  1.5
Spellcasting   | |  1.3
Conjurations   | |  0.6
Fire Magic     | |  2.1

Action                   |  1- 3 |  4- 6 || total
-------------------------+-------+-------++-------
Melee: Unarmed           |    13 |       ||    13
       Mace              |    85 |   153 ||   238
       Headbutt          |     6 |    14 ||    20
  Use: Potion            |       |     5 ||     5
       Scroll            |       |     4 ||     4
 Stab: Sleeping          |     3 |     1 ||     4
  Eat: Chunk             |     1 |     4 ||     5
       Ration            |       |     1 ||     1
Armor: Leather armour    |    19 |       ||    19
       Ring mail         |       |    51 ||    51
Dodge: Dodged            |    94 |    99 ||   193

Table legend:
 A = Non-vault XP
 B = Vault XP
 C = Vault XP percentage of total XP
 D = Non-vault monster count
 E = Vault monster count
 F = Vault count percentage of total count
                 A         B        C        D         E       F
            +---------+---------+-------+---------+---------+-------
      Total |     436 |      54 |  11.0 |      78 |       4 |   4.9
            +---------+---------+-------+---------+---------+-------
        D:1 |      71 |       0 |   0.0 |      32 |       0 |   0.0
        D:2 |     179 |      17 |   8.7 |      18 |       3 |  14.3
        D:3 |     113 |      37 |  24.7 |      25 |       1 |   3.8
        D:4 |      73 |       0 |   0.0 |       3 |       0 |   0.0
            +---------+---------+-------+---------+---------+-------
